 Dungeon Crawl Stone Soup version 0.30-a0-576-g89cddaab80 (webtiles) character file.

Game seed: 10489676145606590179

15991 cforsyth the Grappler (level 12, -21/113 HPs)
             Began as a Ghoul Monk on Dec 31, 2022.
             Was a High Priest of Okawaru.
             Demolished by a minotaur
             ... wielding the +6 dagger "Ypluac" {venom, *Rage Fragile rPois Str+10}
              (51 damage)
             ... in a Gauntlet.
             The game lasted 00:26:44 (12542 turns).

cforsyth the Grappler (Ghoul Monk)                 Turns: 12542, Time: 00:26:45

Health: -21/113    AC: 17    Str: 32    XL:     12   Next: 32%
Magic:  0/14       EV: 15    Int:  3    God:    Okawaru [*****.]
Gold:   213        SH:  0    Dex: 14    Spells: 11/11 levels left

rFire   + . .      SeeInvis +      - Unarmed
rCold   . . .      Faith    .    (no shield)
rNeg    + + +      Spirit   +    A - +0 chain mail
rPois   ∞          Reflect  .    Q - +0 hat {Will+}
rElec   .          Harm     .    N - +0 cloak
rCorr   .          Rampage  .    T - +0 pair of gloves of Lifelessness {Str+7 Dex+3}
Will    +....      NoTele   +    p - +2 pair of boots Stlth
                                 k - amulet of guardian spirit
HPRegen 0.00/turn                M - +5 ring of evasion
MPRegen 0.14/turn                C - ring of Altruism {Fire Str+5 Int-2 SInv}

@: inhibited regen, hasted, very quick
A: claws 1, cold resistance 1, negative energy resistance 3, inhibited
regeneration, torment resistance 2, devour on kill
a: Renounce Religion, Heroism, Finesse, Duel


You were in a Gauntlet.
You worshipped Okawaru.
Okawaru was extremely pleased with you.
You visited 2 branches of the dungeon, and saw 12 of its levels.
You also visited: Gauntlet.

You collected 827 gold pieces.
You spent 614 gold pieces at shops.

Inventory:

Missiles
 F - 3 throwing nets (quivered)
Armour
 p - a +2 pair of boots (worn)
 A - a +0 chain mail (worn)
 N - a +0 cloak (worn)
 Q - a +0 hat of willpower (worn)
 T - the +0 pair of gloves of Lifelessness (worn) {Str+7 Dex+3}
   (You bought it in a shop on level 10 of the Dungeon)

   Str:       It affects your strength (+7).
   Dex:       It affects your dexterity (+3).
Jewellery
 i - a ring of flight
 k - an amulet of guardian spirit (around neck)
 q - a +6 ring of intelligence
 z - an amulet of regeneration
 C - the ring of Altruism (right hand) {Fire Str+5 Int-2 SInv}
   (You found it on level 4 of the Dungeon)

   [ring of fire]

   It enhances your fire magic.
   Str:       It affects your strength (+5).
   Int:       It affects your intelligence (-2).
   rF:        It protects you from fire.
   rC:        It makes you vulnerable to cold.
   SInv:      It lets you see invisible.
 J - the amulet "Ygricet" {Faith Str+3}
   (You found it in a Gauntlet)

   [amulet of faith]

   It allows you to gain divine favour quickly.
   Str:       It affects your strength (+3).
 M - a +5 ring of evasion (left hand)
 R - the ring "Omnuar" {Wiz +Blink rElec rPois rC-}
   (You found it in a Gauntlet)

   [ring of wizardry]

   It improves your spell success rate.
   rC:        It makes you vulnerable to cold.
   rElec:     It insulates you from electricity.
   rPois:     It protects you from poison.
   +Blink:    It lets you blink.
Wands
 a - a wand of polymorph (3)
 f - a wand of flame (10)
 E - a wand of paralysis (6)
 K - a wand of roots (21)
Scrolls
 c - a scroll of silence
 d - 4 scrolls of fog {unknown}
 e - 2 scrolls of magic mapping {unknown}
 g - 9 scrolls of teleportation
 h - 3 scrolls of poison
 n - a scroll of summoning {unknown}
 o - 2 scrolls of vulnerability {unknown}
 u - 2 scrolls of blinking
 w - a scroll of noise {unknown}
 y - 2 scrolls of torment {unknown}
 B - a scroll of amnesia
 G - a scroll of enchant weapon {unknown}
 H - a scroll of immolation {unknown}
 L - 2 scrolls of fear {unknown}
 O - a scroll of enchant armour {unknown}
Potions
 b - a potion of ambrosia
 j - a potion of heal wounds
 l - a potion of brilliance {unknown}
 m - 5 potions of flight
 r - a potion of degeneration {unknown}
 s - 3 potions of resistance
 t - 2 potions of magic
 v - 5 potions of curing
 x - 3 potions of attraction
 D - a potion of invisibility {unknown}
 I - a potion of might {unknown}
 P - 4 potions of haste
 S - a potion of experience {unknown}


   Skills:
 + Level 12.9 Fighting
 + Level 9.7 Armour
 - Level 2.6 Dodging
 - Level 2.1 Stealth
 + Level 12.9 Unarmed Combat
 + Level 4.9 Invocations


You had 11 spell levels left.
You didn't know any spells.
Your spell library contained the following spells:

 Spells                   Type           Power      Damage    Failure   Level
 Gell's Gravitas          Tloc           0%         N/A       100%        3
 Lesser Beckoning         Tloc           0%         N/A       100%        3
 Portal Projectile        Hex/Tloc       0%         N/A       100%        3
 Teleport Other           Tloc           0%         N/A       100%        3
 Alistair's Intoxication  Tmut/Pois      0%         N/A       100%        5
 Borgnjor's Vile Clutch   Necr/Erth      0%         N/A       100%        5
 Eringya's Noxious Bog    Tmut/Pois      0%         N/A       100%        6
 Sublimation of Blood     Necr           Unusable   N/A       N/A         2
 Wereblood                Tmut           Unusable   N/A       N/A         2
 Tukima's Dance           Hex            Unusable   N/A       N/A         3
 Animate Dead             Necr           Unusable   N/A       N/A         4
 Blade Hands              Tmut           Unusable   N/A       N/A         5
 Haunt                    Necr/Summ      Unusable   N/A       N/A         7
 Summon Hydra             Summ           Unusable   N/A       N/A         7
 Infestation              Necr           Unusable   N/A       N/A         8

Dungeon Overview and Level Annotations

Branches:
Dungeon (11/15)            Temple (1/1) D:7            Lair (0/5) D:8
Gauntlet (1/1)
    Orc: D:9-12

Altars:
Ashenzari
Cheibriados
Dithmenos
Fedhas
Gozag
Hepliaklqana
Kikubaaqudgha
Nemelex Xobeh
Okawaru
Qazlal
Ru
Sif Muna
Trog
Uskayaw
Vehumet
Wu Jian
Xom
Yredelemnul

Shops:
D:2 *   D:10 *

Annotations:
D:4 1 runed translucent door, Crazy Yiuf Gauntlet 8 transporters


Innate Abilities, Weirdness & Mutations

You are immune to poison.
You have sharp fingernails.
Your flesh is cold resistant. (rC+)
You are immune to negative energy. (rN+++)
You do not regenerate when monsters are visible.
You are immune to unholy pain and torment.
You thrive by killing the living.


Message History

You punch the minotaur!
The minotaur is heavily wounded.
The minotaur goes berserk!
The minotaur hits you but does no damage.
The minotaur closely misses you.
You hit the minotaur. Your punch misses the minotaur.
The minotaur is heavily wounded.
The minotaur closely misses you. The minotaur gores you!!
You hit the minotaur.
The minotaur is heavily wounded.
The minotaur hits you with the +6 dagger "Ypluac" {venom, *Rage Fragile rPois Str+10}!
* * * LOW HITPOINT WARNING * * *
The minotaur barely misses you.
You punch the minotaur!
The minotaur is severely wounded.
Unknown command.
You feel much better.
The minotaur hits you with the +6 dagger "Ypluac" {venom, *Rage Fragile rPois Str+10}.
The minotaur gores you but does no damage.
You hit the minotaur.
The minotaur is severely wounded.
The minotaur hits you with the +6 dagger "Ypluac" {venom, *Rage Fragile rPois Str+10}!!
* * * LOW HITPOINT WARNING * * *
The minotaur gores you!
* * * LOW HITPOINT WARNING * * *
You feel much better.
The minotaur hits you with the +6 dagger "Ypluac" {venom, *Rage Fragile rPois Str+10}!
* * * LOW HITPOINT WARNING * * *
The minotaur gores you.
* * * LOW HITPOINT WARNING * * *
Unknown command.
You feel much better.
The minotaur hits you with the +6 dagger "Ypluac" {venom, *Rage Fragile rPois Str+10}!
* * * LOW HITPOINT WARNING * * *
The minotaur gores you!
* * * LOW HITPOINT WARNING * * *
Unknown command.
You feel much better.
The minotaur hits you with the +6 dagger "Ypluac" {venom, *Rage Fragile rPois Str+10}!!!
You die...

##### ≈≈≈≈≈ ≈∩≈
... ###.###
#...H.#
#######@######
#.............#
#.###.###.###.#
#.###.###.###.#
#.............#
###.###.###.##
###.###.###.##
#.............#
##...©.©.©...##


You could see a minotaur (berserk).

Vanquished Creatures
  2 death scarabs (Gauntlet)
  2 two-headed ogres
  Amaemon (D:9)
  A spectral death yak (Gauntlet)
  Maurice (D:8)
  2 cyclopes (D:10)
  An orange demon (D:9)
  2 komodo dragons (D:10)
  3 trolls
  A spectral black mamba (Gauntlet)
  Sigmund (D:4)
  6 shadows (Gauntlet)
  23 yaks
  A wraith (D:9)
  4 wyverns
  2 basilisks (D:8)
  Eustachio (D:4)
  A steam dragon (D:7)
  Menkaure (D:4)
  A spectral cane toad (Gauntlet)
  5 water moccasins
  An ice beast (D:7)
  A black bear (D:8)
  An ogre (D:4)
  6 orc warriors
  2 phantoms (D:5)
  Blork the orc (D:4)
  A kobold brigand (D:7)
  6 scorpions
  A bullfrog (D:7)
  A necrophage (D:4)
  4 wights
  9 killer bees
  3 howler monkeys
  A lava snake (D:10)
  11 orc priests
  A gnoll bouda (D:6)
  3 iguanas
  Natasha (thrice) (D:3)
  12 orc wizards
  Robin (D:3)
  10 gnolls
  14 adders
  A shadow imp (D:6)
  5 white imps
  An ufetubus (D:4)
  3 worms
  5 dart slugs
  29 orcs
  8 bats
  7 endoplasms
  8 giant cockroaches
  13 goblins
  13 hobgoblins
  3 quokkas
  9 ball pythons
  A frilled lizard (D:3)
  17 kobolds
  4 rats
282 creatures vanquished.

Vanquished Creatures (others)
  5 fungi (D:8)
  21 plants
26 creatures vanquished.

Grand Total: 308 creatures vanquished

Notes
Turn   | Place    | Note
-------+----------+-------------------------------------------
     0 | D:1      | cforsyth the Ghoul Monk began the quest for the Orb.
     0 | D:1      | Reached XP level 1. HP: 19/19 MP: 0/0
   116 | D:1      | Reached XP level 2. HP: 26/26 MP: 1/1
   398 | D:1      | Reached XP level 3. HP: 33/33 MP: 2/2
  1015 | D:2      | Reached XP level 4. HP: 13/41 MP: 3/3
  1425 | D:2      | Reached XP level 5. HP: 46/47 MP: 4/4
  1588 | D:2      | Reached skill level 5 in Fighting
  1588 | D:2      | Reached skill level 5 in Unarmed Combat
  1931 | D:2      | Found Tukhat's Assorted Antiques.
  1939 | D:2      | Bought a scroll labelled RUXUYSIEBB for 25 gold pieces
  1939 | D:2      | Bought a murky black potion for 22 gold pieces
  1939 | D:2      | Bought a fuming clear potion for 22 gold pieces
  1939 | D:2      | Bought a scroll labelled XUDINAR AM WIR for 25 gold pieces
  2274 | D:3      | Noticed Natasha
  2286 | D:3      | Killed Natasha
  2478 | D:3      | Noticed Natasha
  2494 | D:3      | Killed Natasha
  2495 | D:3      | Reached XP level 6. HP: 36/56 MP: 2/5
  2662 | D:3      | Noticed Natasha
  2668 | D:3      | Killed Natasha
  3084 | D:3      | Found a faded altar of an unknown god.
  3171 | D:4      | Noticed Robin
  3199 | D:3      | Killed Robin
  3475 | D:4      | Identified the ring of Altruism {Fire Str+5 Int-2 SInv}
  3568 | D:4      | Reached skill level 1 in Armour
  3568 | D:4      | Reached XP level 7. HP: 43/63 MP: 2/6
  4054 | D:4      | Noticed Blork the orc
  4073 | D:4      | Killed Blork the orc
  4224 | D:4      | Noticed Eustachio
  4239 | D:4      | Killed Eustachio
  4240 | D:4      | Noticed Menkaure
  4251 | D:4      | Killed Menkaure
  4252 | D:4      | Reached XP level 8. HP: 68/73 MP: 7/7
  4332 | D:4      | Noticed Sigmund
  4342 | D:5      | Entered Level 5 of the Dungeon
  5311 | D:6      | Reached XP level 9. HP: 72/81 MP: 6/8
  5917 | D:6      | Reached skill level 5 in Armour
  6239 | D:4      | Killed Sigmund
  6294 | D:4      | Found a runed translucent door.
  6295 | D:4      | Noticed Crazy Yiuf
  6764 | D:7      | Found a hide-covered altar of Uskayaw.
  6765 | D:7      | Found a stormy altar of Qazlal.
  6782 | D:7      | Found a staircase to the Ecumenical Temple.
  7748 | Temple   | Entered the Ecumenical Temple
  7808 | Temple   | Became a worshipper of Warmaster Okawaru
  7808 | Temple   | Reached * piety under Okawaru
  7808 | Temple   | Reached ** piety under Okawaru
  7917 | D:8      | Noticed a two-headed ogre
  8006 | D:8      | Found a blossoming altar of Fedhas.
  8009 | D:8      | Found a sparkling altar of Nemelex Xobeh.
  8218 | D:7      | Reached XP level 10. HP: 62/93 MP: 6/9
  8502 | D:8      | Reached skill level 10 in Unarmed Combat
  8515 | D:8      | Reached skill level 10 in Fighting
  8525 | D:8      | Noticed Maurice
  8559 | D:8      | Killed Maurice
  8620 | D:8      | Killed a two-headed ogre
  8620 | D:8      | Reached *** piety under Okawaru
  8957 | D:7      | Reached **** piety under Okawaru
  9394 | D:8      | Found a staircase to the Lair.
  9565 | D:9      | Reached XP level 11. HP: 79/102 MP: 7/10
  9946 | D:9      | Noticed Amaemon
  9985 | D:9      | Killed Amaemon
  9985 | D:9      | Reached ***** piety under Okawaru
 10816 | D:10     | Entered Level 10 of the Dungeon
 10837 | D:10     | Received a gift from Okawaru
 10940 | D:10     | Reached skill level 1 in Invocations
 11239 | D:10     | Noticed a two-headed ogre
 11249 | D:10     | Killed a two-headed ogre
 11409 | D:10     | Noticed a cyclops
 11429 | D:10     | Killed a cyclops
 11938 | D:10     | Noticed a cyclops
 11945 | D:10     | Killed a cyclops
 11946 | D:10     | Reached XP level 12. HP: 112/113 MP: 13/13
 12021 | D:10     | Found Ucuggon's General Store.
 12029 | D:10     | Bought the +0 pair of gloves of Lifelessness {Str+7 Dex+3}
                  | for 520 gold pieces
 12164 | D:11     | Found a gate leading to a gauntlet.
 12171 | Gauntlet | Entered a Gauntlet
 12171 | Gauntlet | Found a transporter.
 12180 | Gauntlet | Found a transporter.
 12196 | Gauntlet | Found a transporter.
 12204 | Gauntlet | Found a transporter.
 12239 | Gauntlet | Found a transporter.
 12241 | Gauntlet | Found a transporter.
 12270 | Gauntlet | Noticed a death scarab
 12272 | Gauntlet | Found a transporter.
 12272 | Gauntlet | Noticed a death scarab
 12274 | Gauntlet | Found a transporter.
 12278 | Gauntlet | Found a transporter.
 12289 | Gauntlet | Found a transporter.
 12292 | Gauntlet | Found a transporter.
 12321 | Gauntlet | Noticed a reaper
 12322 | Gauntlet | Found a transporter.
 12379 | Gauntlet | Identified the amulet "Ygricet" {Faith Str+3}
 12384 | Gauntlet | Killed a death scarab
 12387 | Gauntlet | Killed a death scarab
 12443 | Gauntlet | Identified the ring "Omnuar" {Wiz +Blink rElec rPois rC-}
 12528 | Gauntlet | Identified the +6 dagger "Ypluac" {venom, *Rage Fragile
                  | rPois Str+10}
 12528 | Gauntlet | Noticed a minotaur
 12542 | Gauntlet | Demolished by a minotaur

Illustrated notes

Levels and vault maps discovered:
D:1:      mrwooster_arrival_arrow, layout_loops_ring
D:2:      layout_loops_cross, serial_shops, nicolae_shop_overgrown_old_shop,
          serial_forest, infiniplex_forest_lined_4_way,
          infiniplex_forest_clump_curved, infiniplex_forest_lined_3,
          infiniplex_forest_lined_room_, infiniplex_forest_fountain,
          infiniplex_forest_clump_cross, infiniplex_forest_end_3,
          corner_web_ring, chequers_jeans
D:3:      layout_rooms, chequers_ecumenical_altar_simple_redux,
          minmay_mini_jars, uniq_natasha
D:4:      layout_basic, uniq_robin, uniq_eustachio, uniq_blork_the_orc,
          uniq_sigmund, uniq_crazy_yiuf_cottage, uniq_menkaure
D:5:      layout_basic
D:6:      kennysheep_six_static_rooms, layout_loops_corners
D:7:      layout_basic, gammafunk_temple_overflow_forgotten,
          minmay_temple_entry_tees, serial_bayou_crossing
D:8:      layout_cave_pools, grunt_temple_overflow_open,
          minmay_lair_entry_grove, uniq_maurice
D:9:      minmay_skewed_foursquare, layout_rooms, uniq_amaemon
D:10:     layout_basic, serial_shops, shop, amcnicky_mini_pool_medium
D:11:     layout_layer_cave, david_orc_4, gauntlet_entry_generic, hex_medium,
          uniq_psyche, uniq_erica
Temple:   kb_temple_of_zot
Gauntlet: minmay_gauntlet_mixed_oops_all_seconds
          [minmay_gauntlet_arena_77_squiggly, nicolae_gauntlet_arena_grate_2,
          minmay_gauntlet_arena_77_broken_ladder, nicolae_gauntlet_swirl,
          minmay_gauntlet_arena_77_double_cross, gammafunk_gauntlet_arena_teeth,
          gauntlet_exit_watery]

Skill      XL: |  1  2  3  4  5  6  7  8  9 10 11 12 |
---------------+-------------------------------------+-----
Fighting       | 4 5 6 7 8 9 11 12 | 12.9
Unarmed Combat | 4 5 6 7 8 9 11 12 | 12.9
Armour         | 1 3 4 6 7 9 |  9.7
Invocations    | 3 4 |  4.9
Dodging        | |  2.6
Stealth        | |  2.1

Action                   |  1- 3 |  4- 6 |  7- 9 | 10-12 || total
-------------------------+-------+-------+-------+-------++-------
Melee: Unarmed           |    74 |   250 |   307 |   381 ||  1012
       Punch             |     5 |     8 |    13 |    25 ||    51
Invok: Heroism           |       |       |       |     1 ||     1
Evoke: Wand              |       |       |     4 |     4 ||     8
  Use: Scroll            |     2 |     5 |       |     7 ||    14
       Potion            |       |       |       |     7 ||     7
 Stab: Sleeping          |     3 |     4 |       |       ||     7
       Paralysed         |       |       |     2 |       ||     2
Armor: Robe              |     3 |    37 |       |       ||    40
       Chain mail        |       |    39 |   117 |   133 ||   289
Dodge: Dodged            |    48 |   139 |   108 |   188 ||   483

Table legend: (Time is in decaauts)
 A = Elapsed time spent in this place.
 B = Non-inter-level travel time spent in this place.
 C = Inter-level travel time spent in this place.
 D = Time resting spent in this place.
 E = Time spent auto-exploring this place.
 F = Levels seen in this place.
 G = Mean time per level.
                   A        B        C        D        E       F      G
               +--------+--------+--------+--------+--------+-----+--------+
         Total |  12385 |  11734 |    651 |   1794 |   7141 |  13 |  952.7 |
       Dungeon |  11941 |  11336 |    605 |   1728 |   7076 |  11 | 1085.5 |
        Temple |    105 |     60 |     45 |      0 |     42 |   1 |  105.0 |
      Gauntlet |    338 |    338 |      0 |     66 |     23 |   1 |  338.0 |
               +--------+--------+--------+--------+--------+-----+--------+

Top non-repeatable levels by time:
     D:7: 1661 daAuts
     D:3: 1580 daAuts
    D:10: 1324 daAuts
     D:9: 1301 daAuts
     D:6: 1254 daAuts
     D:2: 1175 daAuts
     D:4: 1004 daAuts
     D:1: 993 daAuts
     D:8: 855 daAuts
     D:5: 784 daAuts
Gauntlet: 338 daAuts
  Temple: 105 daAuts
    D:11: 6 daAuts
